 Dungeon Crawl Stone Soup version 0.29-a0-555-g3b24f45cc1 (webtiles) character file.

Game seed: 13414402526319740286

1001 Crownlay the Cudgeller (level 8, -2/74 HPs)
             Began as a Troll Fighter on June 7, 2022.
             Was an Initiate of Gozag.
             Slain by a black bear (8 damage)
             ... on level 6 of the Dungeon.
             The game lasted 00:07:40 (4400 turns).

Crownlay the Cudgeller (Troll Fighter)              Turns: 4400, Time: 00:07:41

Health: -2/74      AC:  4    Str: 27    XL:     8   Next: 0%
Magic:  7/7        EV:  8    Int:  4    God:    Gozag
Gold:   357        SH:  8    Dex:  9    Spells: 7/7 levels left

rFire   . . .      SeeInvis .   a - +0 flail
rCold   . . .      Faith    .   c - +0 kite shield
rNeg    . . .      Spirit   .   b - +0 robe
rPois   .          Reflect  .   (helmet restricted)
rElec   .          Harm     .   (no cloak)
rCorr   .          Rampage  .   (gloves unavailable)
Will    .....                   (boots unavailable)
Stlth   +.........              (no amulet)
HPRegen 1.02/turn               (no ring)
MPRegen 0.10/turn               (no ring)

@: no status effects
A: large, unfitting armour, claws 3, regeneration 1, shaggy fur 1, tough skin 1
a: Renounce Religion, Potion Petition, Call Merchant, Bribe Branch


You were on level 6 of the Dungeon.
You worshipped Gozag.
Gozag was aware of your devotion.
You visited 1 branch of the dungeon, and saw 6 of its levels.

You collected 419 gold pieces.
You paid 62 gold pieces to Gozag.

Inventory:

Hand Weapons
 a - a +0 flail (weapon)
Armour
 b - a +0 robe (worn)
 c - a +0 kite shield (worn)
Jewellery
 g - a ring of fire
 u - a ring of ice
 x - an amulet of the acrobat
 y - a ring of positive energy
Wands
 d - a wand of mindburst (14)
 k - a wand of charming (4)
 n - a wand of iceblast (7)
Scrolls
 e - a scroll of magic mapping {unknown}
 h - 2 scrolls of amnesia
 i - 2 scrolls of blinking
 l - a scroll of fog {unknown}
 m - 3 scrolls of fear
 p - 2 scrolls of summoning
 q - 3 scrolls of enchant armour
 w - 3 scrolls of teleportation {unknown}
Potions
 f - a potion of magic {unknown}
 j - 2 potions of mutation
 o - a potion of lignification {unknown}
 r - a potion of degeneration {unknown}
 s - a potion of berserk rage {unknown}
 t - a potion of brilliance {unknown}
 v - a potion of heal wounds {unknown}
 z - a potion of flight {unknown}
 A - a potion of attraction {unknown}


   Skills:
 + Level 2.8 Fighting
 * Level 7.0 Maces & Flails
 - Level 2.4 Dodging
 + Level 5.4 Shields


You had 7 spell levels left.
You didn't know any spells.
Your spell library contained the following spells:

 Spells                   Type           Power      Damage    Failure   Level
 Beastly Appendage        Tmut           0%         N/A       77%         1
 Magic Dart               Conj           0%         1d3       77%         1
 Slow                     Hex            0%         N/A       77%         1
 Ensorcelled Hibernation  Hex/Ice        0%         N/A       88%         2
 Passwall                 Tmut/Erth      0%         N/A       88%         2
 Poisonous Vapours        Pois/Air       0%         N/A       88%         2
 Searing Ray              Conj           0%         2d4       88%         2
 Wereblood                Tmut           0%         N/A       88%         2
 Confusing Touch          Hex            0%         N/A       98%         3
 Gell's Gravitas          Tloc           0%         N/A       98%         3
 Spider Form              Tmut/Pois      0%         N/A       98%         3
 Swiftness                Air            0%         N/A       98%         3
 Teleport Other           Tloc           0%         N/A       98%         3
 Vampiric Draining        Necr           0%         2d6       98%         3
 Fulminant Prism          Conj/Hex       0%         3d6       100%        4
 Passage of Golubria      Tloc           0%         N/A       100%        4
 Silence                  Hex/Air        0%         N/A       100%        5
 Dispersal                Tloc           0%         N/A       100%        6
 Lehudib's Crystal Spear  Conj/Erth      0%         10d2      100%        8
 Corpse Rot               Necr/Pois/Air  Unusable   N/A       N/A         4

Dungeon Overview and Level Annotations

Branches:
Dungeon (6/15)
 Temple: D:4-7

Altars:
Ashenzari
Gozag
Qazlal
Uskayaw
Wu Jian
Yredelemnul
The Shining One

Annotations:
D:3 3 runed translucent doors, MagicSucks's ghost, amateur NaDe; initializr's ghost, amateur DEFE; jt's ghost, amateur MeCA


Innate Abilities, Weirdness & Mutations

You are too large for most types of armour.
You have claws for hands.
Your natural rate of healing is unusually fast.
You are covered in fur. (AC +1)
You have tough skin. (AC +1)


Message History

You are too injured to fight recklessly!
You are too injured to fight recklessly!
You are too injured to fight recklessly!
You are too injured to fight recklessly!
You are too injured to fight recklessly!
You are too injured to fight recklessly!
You are too injured to fight recklessly!
You are too injured to fight recklessly!
You are too injured to fight recklessly!
You are too injured to fight recklessly!
You are too injured to fight recklessly!
You are too injured to fight recklessly!
You hit the black bear but do no damage.
The black bear is severely wounded.
You block the black bear's attack. The black bear barely misses you.
The black bear claws you. The black bear bites you!
* * * LOW HITPOINT WARNING * * *
The black bear claws you but does no damage.
The black bear barely misses you.
You hit the black bear.
The black bear is almost dead.
You block the black bear's attack. x2; The black bear claws you.
* * * LOW HITPOINT WARNING * * *
The black bear bites you!
* * * LOW HITPOINT WARNING * * *
The black bear claws you.
* * * LOW HITPOINT WARNING * * *
The black bear barely misses you.
You barely miss the black bear.
The black bear is almost dead.
You block the black bear's attack. x2; The black bear claws you.
* * * LOW HITPOINT WARNING * * *
Okay, then.
Okay, then.
Okay, then.
You barely miss the black bear.
The black bear is almost dead.
The black bear bites you!
You die...
Your body crumbles into a pile of gold.

## #. #.### ### $
####...#####.$.
............#
#.........#
###########..h......#
#........##...@.$...#
#........##.........#
#........#######..###
#........# #...##
#........# ###....####
#........# #.........#
#........# #.........#
#........# ###.........#
#........###...........#


You could see a black bear (berserk).

Vanquished Creatures
  Sigmund (D:2)
  2 ogres (D:4)
  A necrophage (D:6)
  3 scorpions
  A jelly (D:5)
  4 hounds
  An iguana (D:5)
  Terence (D:2)
  Natasha (twice) (D:2)
  An orc wizard (D:4)
  4 gnolls
  3 adders (D:2)
  5 worms
  A dart slug (D:1)
  5 orcs (D:4)
  4 ball pythons (D:1)
  6 endoplasms
  A giant cockroach (D:1)
  7 goblins
  6 hobgoblins
  2 jackals (D:2)
  5 kobolds
  5 quokkas
  5 bats
  2 frilled lizards (D:1)
  4 rats
82 creatures vanquished.

Vanquished Creatures (others)
  4 withered plants (D:3)
4 creatures vanquished.

Grand Total: 86 creatures vanquished

Notes
Turn   | Place    | Note
-------+----------+-------------------------------------------
     0 | D:1      | Crownlay the Troll Fighter began the quest for the Orb.
     0 | D:1      | Reached XP level 1. HP: 22/22 MP: 0/0
    16 | D:1      | Reached skill level 2 in Maces & Flails
    99 | D:1      | Reached XP level 2. HP: 27/29 MP: 1/1
   456 | D:2      | Reached XP level 3. HP: 36/36 MP: 2/2
   572 | D:2      | Reached skill level 3 in Maces & Flails
   782 | D:2      | Noticed Terence
   808 | D:2      | Killed Terence
   809 | D:2      | Reached XP level 4. HP: 34/44 MP: 3/3
   847 | D:2      | Noticed Sigmund
   854 | D:2      | Killed Sigmund
   855 | D:2      | Reached skill level 4 in Maces & Flails
   855 | D:2      | Reached XP level 5. HP: 46/50 MP: 4/4
   912 | D:2      | Noticed Natasha
   916 | D:2      | Killed Natasha
   917 | D:2      | Reached XP level 6. HP: 59/59 MP: 5/5
  1260 | D:2      | Noticed Natasha
  1274 | D:2      | Killed Natasha
  1275 | D:2      | Reached skill level 5 in Maces & Flails
  1702 | D:3      | Found a faded altar of an unknown god.
  1905 | D:3      | Found a runed translucent gate.
  1906 | D:3      | Found a runed translucent gate.
  1908 | D:3      | Found a runed translucent gate.
  1909 | D:3      | Noticed jt's ghost (amateur MeCA)
  1910 | D:3      | Noticed initializr's ghost (amateur DEFE)
  1910 | D:3      | Noticed MagicSucks's ghost (amateur NaDe)
  2616 | D:4      | Reached XP level 7. HP: 23/66 MP: 6/6
  2864 | D:4      | Reached skill level 6 in Maces & Flails
  2903 | D:4      | Found an opulent altar of Gozag.
  2909 | D:4      | Became a worshipper of Gozag Ym Sagoz the Greedy
  3131 | D:5      | Entered Level 5 of the Dungeon
  3179 | D:5      | Reached skill level 5 in Shields
  3387 | D:5      | Found a stormy altar of Qazlal.
  3390 | D:5      | Found an ornate altar of the Wu Jian Council.
  3497 | D:5      | HP: 1/66 [acid (9)]
  4219 | D:5      | Found a basalt altar of Yredelemnul.
  4220 | D:5      | Found a broken altar of Ashenzari.
  4222 | D:5      | Found a glowing golden altar of the Shining One.
  4223 | D:5      | Found a hide-covered altar of Uskayaw.
  4361 | D:6      | Reached skill level 7 in Maces & Flails
  4361 | D:6      | Reached XP level 8. HP: 69/74 MP: 7/7
  4400 | D:6      | Slain by a black bear

Illustrated notes

Levels and vault maps discovered:
D:1:      onia_arrival_pyramid, layout_rooms
D:2:      layout_basic, kennysheep_generic_room_9, uniq_natasha, uniq_terence,
          uniq_sigmund
D:3:      layout_loops_cross, nicolae_ecumenical_pavilion,
          gammafunk_ghost_cemetery, minmay_misc_feat_roman
D:4:      layout_basic, old_standard_altar, minmay_misc_feat_square,
          item_on_display_a
D:5:      layout_basic, minitemple, kennysheep_generic_room_15
D:6:      layout_rooms, mainiacjoe_overflow_paths, temple_green

Skill      XL: |  1  2  3  4  5  6  7 |
---------------+----------------------+-----
Maces & Flails | 2 3 4 5 7 |  7.0
Shields        | 3 4 5 |  5.4
Fighting       | |  2.8
Dodging        | |  2.4

Action                   |  1- 3 |  4- 6 |  7- 9 || total
-------------------------+-------+-------+-------++-------
Melee: Flail             |   130 |   111 |   128 ||   369
  Use: Potion            |       |     1 |     2 ||     3
       Scroll            |       |     3 |     3 ||     6
 Stab: Distracted        |       |       |     1 ||     1
       Sleeping          |       |       |     1 ||     1
Armor: Robe              |    70 |    20 |    42 ||   132
Dodge: Dodged            |    67 |    43 |    37 ||   147
Block: Kite shield       |    66 |    46 |    51 ||   163

Table legend: (Time is in decaauts)
 A = Elapsed time spent in this place.
 B = Non-inter-level travel time spent in this place.
 C = Inter-level travel time spent in this place.
 D = Time resting spent in this place.
 E = Time spent auto-exploring this place.
 F = Levels seen in this place.
 G = Mean time per level.
                   A        B        C        D        E       F      G
               +--------+--------+--------+--------+--------+-----+--------+
         Total |   4509 |   4392 |    117 |     75 |   3426 |   6 |  751.5 |
       Dungeon |   4509 |   4392 |    117 |     75 |   3426 |   6 |  751.5 |
               +--------+--------+--------+--------+--------+-----+--------+

Top non-repeatable levels by time:
     D:2: 1264 daAuts
     D:5: 1136 daAuts
     D:4: 804 daAuts
     D:3: 648 daAuts
     D:1: 508 daAuts
     D:6: 146 daAuts
